Map: Acid Plant LE

Players

YorkiePud - Winner!

  • Race: Zerg Zerg
  • League: Diamond
  • Spawn Location: 11:00

Ravage

  • Race: Terran Terran
  • League: Diamond
  • Spawn Location: 5:00

VOD

Have the link to the VOD?

Description

Time

  • Played on: March 7, 2018, 11:01 p.m.
  • Length: 15:03
Show
View Real Time Build Order
Export as new Build Order

YorkiePud Zerg - Winner!

Build Orders: Hatch First, Lurkers 

Get SALT Encoding   

  12  0:01  Drone  
  13  0:13  Overlord  
  13  0:18  Drone  
  14  0:32  Drone x2  
  16  0:37  Drone  
  17  0:54  Hatchery  
  17  0:56  Drone  
  17  1:00  Drone  
  18  1:12  Extractor  
  18  1:15  Spawning Pool  
  18  1:18  Drone  
  17  1:22  Drone  
  18  1:28  Drone  
  19  1:44  Overlord  
  19  2:03  Queen  
  19  2:05  Drone  
  19  2:07  Queen, Zergling x4  
  26  2:17  Drone x2  
  26  2:21  Evolution Chamber  
  27  2:23  Drone  
  28  2:38  Drone x2  
  28  2:43  Queen  
  32  2:44  Lair  
  32  2:49  Zerg Missile Weapons Level 1  
  32  2:52  Drone  
  32  2:57  Overlord  
  33  3:05  Drone x3  
  34  3:11  Overlord  
  36  3:24  Drone x5  
  41  3:28  Overlord  
  41  3:29  Drone  
  41  3:32  Extractor  
  41  3:48  Drone  
  42  3:49  Drone  
  42  3:53  Hydralisk Den  
  42  3:54  Hatchery  
  41  3:59  Drone x4  
  45  4:06  Drone  
  45  4:07  Drone x3  
  49  4:10  Overlord  
  49  4:13  Extractor  
  49  4:16  Spore Crawler  
  47  4:23  Spore Crawler  
  47  4:24  Muscular Augments  
  46  4:25  Hydralisk  
  48  4:45  Hydralisk x3  
  48  4:51  Drone  
  55  4:56  Spore Crawler  
  55  4:58  Hydralisk  
  55  4:59  Hydralisk  
  57  5:02  Queen  
  57  5:03  Queen  
  61  5:11  Hydralisk  
  61  5:12  Overlord  
  61  5:13  Overlord  
  63  5:18  Overlord, Drone x3  
  63  5:19  Overlord  
  63  5:20  Drone  
  67  5:30  Drone  
  67  5:33  Spore Crawler  
  67  5:39  Drone  
  67  5:40  Drone x7  
  75  5:44  Grooved Spines  
  75  5:47  Zerg Missile Weapons Level 2  
  75  5:50  Hydralisk  
  75  5:53  Hydralisk  
  79  5:58  Spore Crawler  
  79  5:59  Hydralisk  
  80  6:05  Hydralisk  
  82  6:15  Hydralisk  
  82  6:17  Overlord x2  
  84  6:19  Extractor  
  84  6:21  Extractor, Drone  
  84  6:22  Drone x6  
  89  6:26  Hydralisk  
  89  6:27  Hydralisk  
  93  6:36  Hydralisk x2  
  97  6:40  Spine Crawler  
  97  6:42  Spore Crawler  
  79  7:15  Infestation Pit  
  79  7:16  Overlord  
  79  7:19  Drone x4  
  79  7:20  Drone x4  
  79  7:21  Drone  
  79  7:22  Drone x5  
  92  7:27  Queen  
  94  7:34  Hydralisk  
  94  7:35  Hydralisk x3  
  102  7:45  Hydralisk, Evolution Chamber  
  102  7:46  Hydralisk  
  102  7:47  Hydralisk  
  107  7:57  Hydralisk  
  107  7:58  Hydralisk x3  
  115  8:09  Hydralisk x4  
  123  8:13  Drone x2  
  123  8:14  Drone  
  123  8:17  Extractor  
  125  8:20  Hive  
  125  8:32  Hydralisk x2  
  125  8:34  Overlord x2  
  129  8:35  Overlord  
  129  8:36  Drone  
  130  8:45  Spore Crawler  
  129  8:59  Hydralisk x7  
  143  9:15  Drone  
  143  9:16  Overlord, Hydralisk  
  144  9:17  Overlord x3  
  144  9:18  Hydralisk  
  148  9:24  Lurker Den  
  148  9:30  Zerg Ground Armor Level 1  
  147  9:50  Hydralisk x3  
  147  9:51  Hydralisk x6  
  165  10:08  Hydralisk x5  
  165  10:09  Hydralisk  
  177  10:31  Hatchery  
  176  10:55  Overlord x4  
  176  11:02  Hydralisk  
  176  11:03  Overlord x3  
  178  11:15  Hydralisk  
  178  11:16  Adaptive Talons, Hydralisk x3  
  186  11:21  Zerg Missile Weapons Level 3  
  186  11:47  Viper x4  
  186  11:52  Overlord x2  
  195  12:17  Lurker x2  
  195  12:18  Lurker x2  
  193  12:50  Lurker x6  
  133  13:46  Hydralisk  
  133  13:47  Hydralisk x20  
  142  14:02  Lurker x4  
  147  14:03  Lurker, Queen x3  
  147  14:04  Queen  
  155  14:26  Viper x2  
  155  14:28  Zergling x18  
  155  14:29  Zergling x8  
  174  14:38  Hatchery  
  173  14:40  Hatchery x3  
Show
View Real Time Build Order
Export as new Build Order

Ravage Terran 

Build Orders: Reaper Expand, Mech 

Get SALT Encoding   

  12  0:00  SCV  
  13  0:13  SCV  
  14  0:18  Supply Depot  
  14  0:25  SCV  
  15  0:40  SCV, Barracks  
  16  0:44  Refinery  
  16  0:52  SCV  
  17  1:04  SCV  
  18  1:16  SCV  
  19  1:28  Reaper  
  19  1:29  Orbital Command  
  20  1:45  Command Center  
  20  1:53  Supply Depot  
  20  1:56  SCV  
  21  2:01  Barracks Reactor  
  21  2:08  SCV  
  22  2:16  Refinery  
  22  2:21  Factory  
  22  2:23  SCV  
  23  2:36  SCV  
  24  2:39  Marine x2  
  26  2:48  SCV  
  27  2:57  Orbital Command  
  27  3:03  SCV  
  28  3:07  Starport  
  32  3:12  Hellion x2  
  32  3:15  SCV  
  33  3:21  Barracks Tech Lab  
  33  3:24  SCV  
  34  3:27  SCV  
  35  3:37  SCV  
  35  3:39  Hellion x2  
  39  3:42  SCV  
  40  3:50  Supply Depot, Barracks Tech Lab  
  40  3:51  Supply Depot  
  40  3:54  SCV  
  41  4:02  SCV  
  42  4:04  Starport  
  42  4:07  SCV  
  43  4:20  Hellion x2  
  43  4:21  SCV  
  43  4:22  SCV  
  49  4:36  SCV x2  
  58  4:45  Hellion  
  58  4:46  Hellion  
  58  4:53  Command Center  
  58  4:58  SCV x2  
  61  5:04  Liberator  
  53  5:07  Factory  
  53  5:08  Factory  
  53  5:09  Liberator  
  49  5:15  SCV  
  49  5:18  Cyclone x2  
  49  5:20  Bunker  
  62  5:29  Refinery x2  
  62  5:31  Supply Depot x2  
  62  5:49  Armory  
  62  5:53  Siege Tank, SCV x2  
  67  6:02  Hellion x2  
  71  6:05  SCV, Orbital Command  
  72  6:22  SCV x2  
  74  6:27  Armory x2, Siege Tank  
  74  6:29  Orbital Command  
  78  6:54  Hellion x2  
  78  6:55  Starport Reactor  
  78  6:56  Starport Tech Lab  
  78  6:58  SCV x2  
  78  7:00  SCV  
  70  7:03  Siege Tank  
  70  7:10  SCV  
  70  7:15  Factory  
  71  7:17  SCV x2  
  71  7:18  Factory  
  71  7:22  SCV  
  71  7:23  Supply Depot  
  71  7:25  Engineering Bay  
  71  7:27  Terran Vehicle Weapons Level 1  
  71  7:28  Terran Vehicle And Ship Armor Level 1  
  71  7:29  SCV x2  
  73  7:36  Hellion x2  
  77  7:40  Refinery x2  
  77  7:45  SCV x2  
  77  7:47  Supply Depot  
  77  7:49  Siege Tank  
  77  7:50  Siege Tank  
  85  8:01  SCV  
  85  8:02  SCV x2  
  85  8:05  Factory Tech Lab  
  88  8:13  SCV  
  88  8:14  SCV x2  
  88  8:17  Missile Turret x2  
  91  8:20  Missile Turret  
  91  8:22  Command Center  
  91  8:26  SCV x3  
  94  8:29  Viking x2, Raven  
  100  8:38  SCV x3, Infernal Pre-Igniter  
  100  8:39  Smart Servos  
  103  8:50  SCV  
  104  8:56  SCV  
  104  8:57  SCV  
  104  9:02  SCV  
  107  9:04  Supply Depot  
  107  9:05  Supply Depot x2  
  107  9:13  Hellion  
  107  9:16  Factory Reactor  
  109  9:17  Supply Depot  
  109  9:19  Supply Depot  
  109  9:26  Siege Tank x2, Hellion  
  109  9:27  Viking x3, Siege Tank  
  109  9:28  Terran Vehicle Weapons Level 2  
  122  9:48  Hellion  
  122  9:50  Terran Vehicle And Ship Armor Level 2  
  124  9:53  Supply Depot  
  124  9:55  Supply Depot  
  115  10:04  Siege Tank x3, Hellion x3  
  130  10:12  Planetary Fortress  
  130  10:24  Hellion  
  130  10:27  Hellion x3  
  140  10:29  Medivac x2  
  140  10:33  Refinery  
  142  10:36  Hellion  
  142  10:37  Hellion  
  142  10:38  Command Center x2  
  146  10:51  Thor  
  146  10:52  Hellion x4  
  146  10:53  Raven  
  162  10:58  Supply Depot x2  
  162  11:00  Missile Turret  
  162  11:19  SCV x2  
  162  11:21  SCV x2, Refinery  
  162  11:23  Hellion x4  
  162  11:25  Siege Tank x2  
  180  11:26  Hellion x12  
  180  11:32  Starport  
  174  11:34  Siege Tank  
  177  11:44  Terran Ship Weapons Level 1  
  157  12:30  Siege Tank x3, Hellion x4  
  166  12:48  Viking x2  
  174  12:51  Hellion x2  
  174  12:58  Hellion x2  
  178  13:02  Siege Tank x2  
  178  13:40  Siege Tank x3  
  113  13:58  Hellion x3  
  119  14:05  Planetary Fortress  
  119  14:08  Starport Tech Lab  
  119  14:12  Factory, Siege Tank x2  
  125  14:18  Hellion x4  
  125  14:21  Hellion x5  
Tags
 
Add a new tag
Caveats
  • Supply blocks, unpowered buildings, or Contaminate may cause inaccurate times.
  • Supply counts are checked every 10 seconds.